Map: Ever Dream LE

Players

SKillous - Winner!

  • Race: Protoss Protoss
  • League: Grandmaster
  • Spawn Location: 7:00

HellraiseR

  • Race: Protoss Protoss
  • League: Master
  • Spawn Location: 1:00

Event: DreamHack SC2 Masters 2020 Summer Europe

VOD

Have the link to the VOD?

Description

Time

  • Played on: June 30, 2020, 11:49 a.m.
  • Length: 4:50

All games in this series

Show
View Real Time Build Order
Export as new Build Order

SKillous Protoss - Winner!

Build Orders:  

Get SALT Encoding   

  12  0:01  Probe  
  13  0:13  Probe  
  14  0:17  Pylon  
  14  0:25  Probe  
  15  0:33  Probe  
  15  0:36  Gateway  
  15  0:41  Probe  
  16  0:47  Assimilator  
  17  0:51  Probe  
  17  0:55  Assimilator  
  18  0:59  Probe  
  19  1:08  Probe  
  19  1:09  Gateway  
  19  1:18  Probe  
  20  1:25  Cybernetics Core  
  21  1:30  Probe  
  22  1:33  Pylon  
  22  1:42  Probe  
  23  1:51  Gateway  
  23  1:53  Warp Gate  
  23  2:01  Stalker  
  26  2:02  Sentry  
  26  2:05  Probe  
  28  2:12  Pylon  
  28  2:28  Stalker  
  28  2:29  Stalker  
  30  2:30  Stalker  
  33  2:46  Pylon  
  33  2:58  Stalker  
  33  3:00  Stalker  
  33  3:04  Stalker  
  39  3:42  Stalker x3  
  39  3:45  Pylon  
  45  3:50  Pylon  
  45  4:05  Stalker x2  
  45  4:06  Stalker  
  51  4:14  Pylon  
  47  4:43  Stalker x3  
Show
View Real Time Build Order
Export as new Build Order

HellraiseR Protoss 

Build Orders:  

Get SALT Encoding   

  12  0:00  Probe  
  13  0:12  Probe  
  14  0:18  Pylon  
  14  0:22  Probe  
  15  0:32  Probe  
  15  0:37  Gateway  
  15  0:41  Probe  
  16  0:45  Assimilator  
  17  0:52  Probe  
  17  0:54  Assimilator  
  18  1:00  Probe  
  18  1:08  Gateway, Probe  
  20  1:19  Probe  
  20  1:24  Cybernetics Core  
  21  1:31  Probe  
  22  1:34  Pylon  
  22  1:43  Probe  
  23  1:56  Probe  
  23  2:00  Stalker x2, Warp Gate  
  28  2:08  Probe  
  29  2:17  Pylon  
  29  2:31  Stalker  
  29  2:35  Stalker  
  33  2:56  Probe  
  34  3:06  Nexus  
  34  3:07  Sentry  
  34  3:12  Probe  
  39  3:24  Robotics Facility  
  39  3:26  Pylon  
  37  3:27  Probe  
  37  3:30  Pylon  
  38  3:36  Probe  
  39  3:45  Probe  
  39  3:53  Adept x2, Probe  
  44  4:01  Probe  
  45  4:05  Forge  
  45  4:09  Immortal  
  44  4:13  Stalker  
  42  4:17  Sentry  
  48  4:30  Shield Battery  
  39  4:42  Stalker x2  
Tags
 
Add a new tag
Caveats
  • Supply blocks, unpowered buildings, or Contaminate may cause inaccurate times.
  • Supply counts are checked every 10 seconds.